cohdb
Replays
Latest Replays
All Replays
Popular Replays
Top Player Replays
Match Explorer
How It Works
Community
CoH3 Stats
Reddit
Sign in to upload your games and track your stats! →
Sign in with Steam
Match 43498614
Unlisted
Match 43498614
Overview
Messages
Build Orders
End
Kettenkrad Recon Vehicle
Construct Infanterie Kompanie
Selects Terror Battlegroup
Selects Machine Gun Camouflage
MG 42 Machine Gun Team
Grenadier Squad
GrW 34 Mortar Team
Grenadier Squad
Construct Luftwaffe Kompanie
221 Scout Car
Support Elements
Wirbelwind Flakpanzer
Wirbelwind Flakpanzer
Jäger Squad
Construct Panzergrenadier Kompanie
Selects Contempt for the Weak
Selects Propaganda Leaflet Drop
Pioneer Squad
Nebelwerfer 42 Rocket Launcher Team
Pak 40 Anti-tank Gun Team
Pioneer Squad
Guderian ITA
ABU- AL3EES 1
0
0
Comments
sign in to comment!
No comments posted yet!